 Dungeon Crawl Stone Soup version 0.31.0-11-ge490571c62 (webtiles) character file.

Game seed: 5767654998709583632

4890 dialectric the Basher (level 10, -3/89 (98) HPs)
             Began as a Troll Shapeshifter on Feb 4, 2024.
             Was a Priest of Trog.
             Slain by a laughing skull (12 damage)
             ... on level 1 of the Abyss.
             The game lasted 00:09:39 (5564 turns).

dialectric the Basher (Troll Shapeshifter)          Turns: 5564, Time: 00:09:39

HP:   -3/89 (98)    AC: 11    Str: 26    XL:     10   Next: 26%
MP:   9/9           EV: 11    Int:  6    God:    Trog [***...]
Gold: 474           SH:  0    Dex: 11    Spells: 9/9 levels left

rFire   + . .        C - +5 flail (protect)
rCold   + . .        (no shield)
rNeg    . . .        a - +0 animal skin
rPois   .            (helmet currently unavailable)
rElec   .            (cloak currently unavailable)
rCorr   .            (gloves unavailable)
SInv    .            (boots unavailable)
Will    .....        r - amulet of faith
Stlth   +            j - ring of protection from cold
HPRegen 1.14/turn    n - ring of protection from fire
MPRegen 0.11/turn

%: faith
@: beast-form, under a protective aura, on berserk cooldown, slowed, drained,
very slow
A: beast (slay +2), large, unfitting armour, claws 3, regeneration 1, shaggy fur
1, tough skin 1
a: Begin Untransformation, Renounce Religion, Berserk, Trog's Hand


You were on level 1 of the Abyss.
You worshipped Trog.
Trog was most pleased with you.
You were a hulking beast.
You visited 2 branches of the dungeon, and saw 8 of its levels.
You visited the Abyss 1 time.

You collected 474 gold pieces.

Inventory:

Hand Weapons
 k - a +0 club
 q - a +2 flail of protection
 z - a +1 spectral quarterstaff
 C - a +5 flail of protection (weapon)
 D - a +4 trident of freezing
 F - a +0 morningstar
Missiles
 m - 26 poisoned darts (quivered)
 v - 2 throwing nets
 I - a curare-tipped dart
Armour
 a - a +0 animal skin (worn)
 f - a +0 cloak
Jewellery
 j - a ring of protection from cold (left claw)
 n - a ring of protection from fire (right claw)
 r - an amulet of faith (around neck)
 w - a ring of see invisible
Talismans
 c - a beast talisman
 d - a flux talisman
 h - a talisman of death
Wands
 E - a wand of mindburst (19)
Scrolls
 b - 3 scrolls of immolation
 e - 2 scrolls of fear {unknown}
 g - 2 scrolls of enchant armour {unknown}
 l - 2 scrolls of teleportation
 o - a scroll of amnesia {unknown}
 s - a scroll of fog {unknown}
 u - 2 scrolls of revelation {unknown}
 x - a scroll of poison
 y - a scroll of blinking {unknown}
 H - a scroll of identify
Potions
 i - 3 potions of curing
 p - a potion of mutation {unknown}
 t - 3 potions of might
 A - a potion of heal wounds
 B - 2 potions of invisibility
 G - a potion of haste


   Skills:
 - Level 6.1 Fighting
 + Level 9.2 Maces & Flails
 - Level 1.0 Throwing
 * Level 6.0 Dodging
 - Level 0.2 Stealth
 - Level 3.2 Unarmed Combat
 + Level 5.1 Shapeshifting


You had 9 spell levels left.
You didn't know any spells.
Your spell library contained the following spells:

 Spells                   Type           Power      Damage    Failure   Level
 Blink                    Tloc           0%         N/A       58%         2
 Lesser Beckoning         Tloc           0%         N/A       58%         2
 Momentum Strike          Conj/Tloc      0%         3d8       58%         2
 Vhi's Electric Charge    Tloc/Air       0%         N/A       99%         4
 Arcjolt                  Conj/Air       0%         1d10      100%        5
 Plasma Beam              Fire/Air       0%         2x1d10    100%        6


Dungeon Overview and Level Annotations

Branches:
Dungeon (7/15)             Temple (1/1) D:6

Altars:
Cheibriados
Elyvilon
Gozag
Hepliaklqana
Kikubaaqudgha
Makhleb
Nemelex Xobeh
Qazlal
Ru
Trog
Uskayaw
Vehumet
Wu Jian
Yredelemnul
Zin
The Shining One

Shops:
D:2 *   D:6 (   D:7 *


Innate Abilities, Weirdness & Mutations

You are a hulking beast.
Your limbs bulge with bestial killing power. (Slay +2)
You are too large for most types of armour.
You have claws for hands.
Your natural rate of healing is unusually fast.
You are covered in fur. (AC +1)
You have tough skin. (AC +1)


Message History

The laughing skull headbutts you! The laughing skull headbutts you. x2
The laughing skull headbutts you but does no damage.
You sock the laughing skull!
The laughing skull is almost destroyed.
The laughing skull cackles spitefully.
The bolt of negative energy hits you!!
You feel drained. The laughing skull closely misses you.
The laughing skull barely misses you. The laughing skull closely misses you.
Unknown command.
You closely miss the laughing skull.
The laughing skull is almost destroyed.
The laughing skull headbutts you but does no damage.
The laughing skull headbutts you. x2
* * * LOW HITPOINT WARNING * * *
The laughing skull barely misses you.
You hit the laughing skull but do no damage.
The laughing skull is almost destroyed.
The laughing skull closely misses you. The laughing skull headbutts you.
* * * LOW HITPOINT WARNING * * *
The laughing skull misses you. The laughing skull barely misses you.
Unknown command.
You barely miss the laughing skull.
The laughing skull is almost destroyed.
The laughing skull closely misses you.
The laughing skull lets out a vicious peal of laugher.
The bolt of negative energy misses you. The laughing skull headbutts you.
* * * LOW HITPOINT WARNING * * *
The laughing skull headbutts you!
* * * LOW HITPOINT WARNING * * *
You thump the laughing skull!
You destroy the laughing skull!
Trog accepts your kill. The laughing skull headbutts you.
* * * LOW HITPOINT WARNING * * *
The laughing skull headbutts you but does no damage.
The laughing skull attacks as it pursues you!
The laughing skull headbutts you but does no damage.
The laughing skull headbutts you!
You die...
The laughing skull crumbles to pieces from sheer joy.

#.#.. #.## .. . .
.... ..# ... . .
.. .#. .# ...#.
#.#. .#..
#.#.#.... . #.
##...#.##....#.#.#
# .. #..#.X.
#....# .#.#.# #
#.....##....#..
....# #.zh## #.#..
. #.#......... #
##.
#.....##.#.#...#
....#...#..# .# ##
# #...#...#. .#..
..## ##
#####..#..##....
.# .. ##...
.#....# . .. . ##
. . ....#.. . #.
#.. . . #.. .. .#


You could see a laughing skull.

Vanquished Creatures
  Pikel (D:6)
  Joseph (D:7)
  Prince Ribbit (D:5)
  Sigmund (D:2)
  2 vampires (D:6)
  A steam dragon (D:6)
  Edmund (D:5)
  Menkaure (D:7)
  A water moccasin (D:5)
  2 orc warriors
  2 ice beasts (D:6)
  4 laughing skulls (Abyss:1)
  2 ogres
  2 centaurs
  4 phantoms
  3 kobold brigands
  A bullfrog (D:7)
  3 scorpions
  A small abomination (Abyss:1)
  4 wights (D:6)
  3 howler monkeys (D:7)
  2 electric eels (D:7)
  2 bombardier beetles
  3 jellies
  3 hounds
  An orc priest (D:3)
  Crazy Yiuf (D:6)
  5 iguanas
  A sleepcap (D:5)
  An orc wizard (D:4)
  9 gnolls
  3 adders
  A shadow imp (D:6)
  3 white imps
  8 ufetubi
  A dart slug (D:4)
  3 ribbon worms
  15 orcs
  9 ball pythons
  5 endoplasms
  2 giant cockroaches (D:2)
  3 goblins
  5 hobgoblins
  3 jackals (D:1)
  21 kobolds
  4 quokkas
  A bat (D:3)
  2 frilled lizards (D:2)
  3 rats
161 creatures vanquished.

Notes
Turn   | Place    | Note
-------+----------+-------------------------------------------
     0 | D:1      | dialectric the Troll Shapeshifter began the quest for the
                  | Orb.
     0 | D:1      | Reached XP level 1. HP: 18/18 MP: 0/0
   222 | D:1      | Reached XP level 2. HP: 26/26 MP: 1/1
   509 | D:2      | Reached skill level 1 in Fighting
   641 | D:2      | Reached XP level 3. HP: 33/33 MP: 2/2
   761 | D:2      | Noticed Sigmund
   790 | D:2      | Killed Sigmund
   791 | D:2      | Reached XP level 4. HP: 42/42 MP: 3/3
   791 | D:2      | Reached XP level 5. HP: 49/49 MP: 4/4
  1096 | D:2      | Found Juzigehu's Assorted Antiques.
  1414 | D:3      | Found a bloodstained altar of Trog.
  1423 | D:3      | Became a worshipper of Trog the Wrathful
  1533 | D:3      | Found a faded altar of an unknown god.
  1659 | D:3      | Reached XP level 6. HP: 20/58 MP: 5/5
  1902 | D:3      | Found an opulent altar of Gozag.
  1964 | D:4      | Reached skill level 5 in Shapeshifting
  2080 | D:4      | Reached * piety under Trog
  2156 | D:4      | Found an ornate altar of the Wu Jian Council.
  2214 | D:4      | Reached skill level 1 in Maces & Flails
  2657 | D:5      | Entered Level 5 of the Dungeon
  2670 | D:5      | Reached skill level 2 in Maces & Flails
  2670 | D:5      | Reached XP level 7. HP: 67/67 MP: 6/6
  2792 | D:5      | Reached skill level 3 in Maces & Flails
  2897 | D:5      | Reached skill level 4 in Maces & Flails
  2944 | D:5      | Noticed Edmund
  2954 | D:5      | Killed Edmund
  2955 | D:5      | Reached XP level 8. HP: 78/78 MP: 7/7
  3067 | D:5      | Found a glowing golden altar of the Shining One.
  3082 | D:5      | Noticed Prince Ribbit
  3105 | D:5      | Killed Prince Ribbit
  3106 | D:5      | Reached skill level 1 in Throwing
  3190 | D:5      | Reached skill level 5 in Maces & Flails
  3558 | D:6      | Reached ** piety under Trog
  3564 | D:6      | Reached skill level 6 in Maces & Flails
  3621 | D:6      | Found a staircase to the Ecumenical Temple.
  3743 | D:6      | Reached XP level 9. HP: 85/85 MP: 8/8
  3750 | D:6      | Found a snail-covered altar of Cheibriados.
  3761 | D:6      | Reached skill level 7 in Maces & Flails
  3796 | D:6      | Found Imaebb's Weapon Shoppe.
  3933 | D:6      | Reached skill level 5 in Fighting
  3957 | D:6      | Noticed Pikel
  3973 | D:6      | Killed Pikel
  3974 | D:6      | Reached skill level 8 in Maces & Flails
  4051 | D:6      | Identified the +2 dagger "Quvaarezio" {pain, Int+4}
  4123 | D:6      | Found a runed translucent door.
  4124 | D:6      | Noticed Crazy Yiuf
  4244 | Temple   | Entered the Ecumenical Temple
  4318 | D:6      | Killed Crazy Yiuf
  4570 | D:7      | Noticed Joseph
  4578 | D:7      | Killed Joseph
  4579 | D:7      | Reached skill level 5 in Dodging
  4865 | D:7      | Noticed Menkaure
  4873 | D:7      | Killed Menkaure
  4875 | D:7      | Found a burning altar of Makhleb.
  4915 | D:7      | Reached *** piety under Trog
  5143 | D:7      | Reached XP level 10. HP: 89/98 MP: 9/9
  5302 | D:7      | Found Girgh's Assorted Antiques.
  5335 | D:7      | Noticed a deep elf pyromancer
  5384 | D:6      | Reached skill level 9 in Maces & Flails
  5511 | Abyss:1  | Cast into level 1 of the Abyss (deep elf pyromancer)
  5558 | Abyss:1  | Noticed a large abomination
  5564 | Abyss:1  | Slain by a laughing skull

Illustrated notes

Levels and vault maps discovered:
D:1:      minmay_arrival_open_corners, layout_rooms, minmay_tetromino_s2
D:2:      layout_basic, serial_shops, shop, nrook_mini_vaults, uniq_sigmund
D:3:      layout_rooms, mainiacjoe_overflow_catch_the_wave,
          ebering_ecumenical_altar_sacrificial
D:4:      layout_loops_ring, pdpol_wu_jian_five_deadly_venoms,
          kennysheep_generic_room_4
D:5:      layout_loops_cross, lemuel_doored_altar, minmay_between, uniq_edmund,
          uniq_prince_ribbit1
D:6:      layout_basic, overflow_temple_1_default, minmay_temple_entry_junction,
          serial_shops, nicolae_shop_statue_plus, dreamdust_princess_bridge,
          uniq_pikel, uniq_crazy_yiuf_cottage
D:7:      layout_basic, lemuel_crystal_altar, gammafunk_temple_overflow_pools,
          serial_shops, nicolae_shop_trees, serial_bayou_ford_a,
          serial_library_hellmonk_metal_room, uniq_joseph, uniq_menkaure
Temple:   eino_temple_lava
Abyss:1:  base:
D:5

Skill      XL: |  1  2  3  4  5  6  7  8  9 10 |
---------------+-------------------------------+-----
Fighting       | 1 2 3 4 6 |  6.1
Dodging        | 2 3 4 5 6 |  6.0
Shapeshifting  | 4 5 |  5.1
Maces & Flails | 2 4 6 8 9 |  9.2
Throwing       | 1 |  1.0
Stealth        | |  0.2
Unarmed Combat | |  3.2

Action                     |  1- 3 |  4- 6 |  7- 9 | 10-12 || total
---------------------------+-------+-------+-------+-------++-------
  Melee: Unarmed           |    54 |    37 |       |       ||    91
         Flail             |       |    73 |   263 |    49 ||   385
         Punch             |       |     5 |     1 |     2 ||     8
  Throw: Dart              |     4 |     3 |     7 |       ||    14
 Invoke: Berserk           |       |     1 |    11 |     3 ||    15
         Trog's Hand       |       |       |     1 |       ||     1
    Use: Potion            |     1 |     1 |     1 |       ||     3
         Scroll            |       |       |     7 |       ||     7
 Armour: Animal skin       |    24 |    87 |   214 |    43 ||   368
         Skin              |    13 |       |     7 |       ||    20
  Dodge: Dodged            |    14 |    70 |   150 |    43 ||   277
